[Event "Titled Tuesday Blitz March 22 Early 2022"]
[White "Dixit, Nikhil"]
[Black "Neiksans, Arturs"]
[WhiteFideId "5059534"]
[BlackFideId "11601388"]
[WhiteElo "2223"]
[BlackElo "2447"]
[Result "0-1"]
[Round "01"]
[TimeControl "180+1"]
[Date "2022.03.22"]
[WhiteClock "0:00:06"]
[BlackClock "0:00:26"]

1. e4 c5 2. Nf3 e6 3. b3 b6 4. Bb2 Bb7 5. Nc3 Nc6 6. Qe2 Nd4 7. Qd3 Nxf3+ 8. gxf3 Ne7 9. O-O-O Nc6 10. f4 a6 11. Bg2 b5 12. e5 Qa5 13. Kb1 c4 14. Qe3 Rb8 15. d4 Bb4 16. Ne4 Ne7 17. c3 Nd5 18. Qc1 cxb3 19. axb3 Be7 20. b4 Qb6 21. Nc5 Bc6 22. Rhg1 g6 23. Nb3 Rc8 24. Qd2 Ba8 25. Rc1 Rc4 26. Bf1 Qc7 27. Bxc4 Qxc4 28. Na5 Qc7 29. c4 bxc4 30. Rxc4 Qb8 31. Rgc1 O-O 32. Ba3 Nb6 33. R4c2 Be4 34. Ka2 Nd5 35. Rc4 f6 36. exf6 Bxf6 37. Nb3 Nxf4 38. Nc5 Bc6 39. Kb2 Nd5 40. Nxe6 dxe6 41. Rxc6 a5 42. Kb1 axb4 43. Bb2 Nc3+ 44. Kc2 Qb5 45. Rc7 Bd8 46. Rc8 Qf5+ 47. Kb3 Qd5+ 48. Kc2 b3+ 49. Kxc3 Ba5+ 50. Kd3 Bxd2 51. Rxf8+ Kxf8 52. Kxd2 Qf3 53. Rc3 Qxf2+ 54. Kc1 Qe1# 0-1


[Site "https://www.chess.com"]

[Event "Titled Tuesday Blitz March 22 Early 2022"]
[White "Donchenko, Alexander"]
[Black "Hoffmann, Asa"]
[WhiteFideId "24603295"]
[BlackFideId "2001470"]
[WhiteElo "2539"]
[BlackElo "2117"]
[Result "1-0"]
[Round "01"]
[TimeControl "180+1"]
[Date "2022.03.22"]
[WhiteClock "0:00:27"]
[BlackClock "0:00:18"]

1. d4 Nf6 2. c4 c5 3. Nf3 cxd4 4. Nxd4 e5 5. Nb5 d5 6. cxd5 Bb4+ 7. Bd2 Bc5 8. e3 O-O 9. Bc4 a6 10. N5c3 b5 11. Bb3 Bf5 12. Qe2 e4 13. O-O Nbd7 14. Rc1 Ne5 15. Be1 Bg4 16. Qf1 Nd3 17. Rc2 Qd7 18. Nxe4 Nxe4 19. Qxd3 Bf5 20. Qe2 Rac8 21. Nd2 Ng5 22. Rcc1 Rfe8 23. a4 Bg4 24. Qf1 Qf5 25. axb5 axb5 26. Bd1 Bd6 27. Bxg4 Qxg4 28. Rxc8 Rxc8 29. f3 Qf5 30. e4 Qf4 31. g3 Bc5+ 32. Kh1 Qe3 33. Rc1 h5 34. b4 h4 35. Rxc5 Rxc5 36. bxc5 h3 37. c6 b4 38. c7 Qc5 39. d6 Ne6 40. Qxh3 b3 41. Nxb3 Qc6 42. Bf2 1-0


[Site "https://www.chess.com"]

[Event "Titled Tuesday Blitz March 22 Early 2022"]
[White "Dreev, Aleksey"]
[Black "Vusatiuk, Vladimir"]
[WhiteFideId "4100107"]
[BlackFideId "14118610"]
[WhiteElo "2625"]
[BlackElo "2157"]
[Result "1-0"]
[Round "01"]
[TimeControl "180+1"]
[Date "2022.03.22"]
[WhiteClock "0:01:04"]
[BlackClock "0:00:03"]

1. d4 Nf6 2. c4 e6 3. Nc3 Bb4 4. Qc2 O-O 5. a3 Bxc3+ 6. Qxc3 b6 7. Bg5 Bb7 8. e3 h6 9. Bh4 d6 10. Ne2 Nbd7 11. Qd3 e5 12. Nc3 exd4 13. Qxd4 Ne5 14. O-O-O Ng6 15. Bxf6 Qxf6 16. Qxf6 gxf6 17. Nb5 Rfc8 18. Bd3 a6 19. Nd4 Ne5 20. Be2 Kh7 21. f3 Rg8 22. Rhg1 Rae8 23. b3 Nc6 24. Nc2 Bc8 25. Kd2 Bf5 26. e4 Bd7 27. Ne3 Ne7 28. Bd3 Kh8 29. g3 Be6 30. f4 a5 31. Kc3 Nc6 32. Rde1 Rg7 33. Nd5 Bxd5 34. exd5 Rxe1 35. Rxe1 Nd8 36. Re7 c6 37. Rd7 Rg8 38. Rxd6 cxd5 39. cxd5 Nb7 40. Rxb6 Nc5 41. Kd4 Nxd3 42. Kxd3 Rc8 43. Rxf6 Kg7 44. Ra6 Rc1 45. Rxa5 Rh1 46. Kc4 Rxh2 47. d6 Rc2+ 48. Kd3 Rc1 49. Rd5 Kf6 50. d7 Ke6 51. d8=Q Rd1+ 52. Kc4 1-0


[Site "https://www.chess.com"]

[Event "Titled Tuesday Blitz March 22 Early 2022"]
[White "Dudzinski, Pawel"]
[Black "Garriga Cazorla, Pere"]
[WhiteFideId "1117890"]
[BlackFideId "32011601"]
[WhiteElo "2033"]
[BlackElo "2458"]
[Result "0-1"]
[Round "01"]
[TimeControl "180+1"]
[Date "2022.03.22"]
[WhiteClock "0:00:10"]
[BlackClock "0:01:50"]

1. e4 c5 2. Nc3 Nc6 3. g3 g6 4. Bg2 Bg7 5. d3 d6 6. Be3 e5 7. Qd2 Nd4 8. Nd1 Be6 9. c3 Nc6 10. Ne2 Qd7 11. d4 Bh3 12. O-O Bxg2 13. Kxg2 b6 14. f4 exf4 15. Nxf4 Nge7 16. dxc5 dxc5 17. Qxd7+ Kxd7 18. Nd5 Nxd5 19. exd5 Ne5 20. Nf2 Nc4 21. Bc1 f5 22. Rb1 Rae8 23. b3 Nd6 24. Bb2 Re2 25. Rfe1 Rhe8 26. Rxe2 Rxe2 27. Kf1 Rc2 28. Nd3 c4 29. Nf2 Bxc3 30. Bxc3 Rxc3 31. bxc4 Nxc4 32. Nh3 Nd2+ 33. Ke2 Nxb1 0-1


[Site "https://www.chess.com"]

[Event "Titled Tuesday Blitz March 22 Early 2022"]
[White "Dushyant Sharma"]
[Black "Golubka, Petro"]
[WhiteFideId "25065130"]
[BlackFideId "14114224"]
[WhiteElo "2105"]
[BlackElo "2346"]
[Result "1-0"]
[Round "01"]
[TimeControl "180+1"]
[Date "2022.03.22"]
[WhiteClock "0:00:16"]
[BlackClock "0:00:57"]

1. e4 g6 2. d4 Bg7 3. Nc3 c6 4. Be3 b5 5. Qd2 h6 6. O-O-O d6 7. f3 Nd7 8. h4 Bb7 9. Nh3 Ngf6 10. Be2 Qc7 11. g4 O-O-O 12. g5 hxg5 13. hxg5 Nh5 14. Nf4 Nxf4 15. Bxf4 a6 16. Bg3 Kb8 17. f4 c5 18. Bf2 Nb6 19. f5 Rxh1 20. Rxh1 gxf5 21. dxc5 dxc5 22. Bg3 e5 23. Qe1 f4 24. Bf2 Bf8 25. Bf3 Nc4 26. Rh7 Rd7 27. Nd5 Bxd5 28. exd5 Ka7 29. b3 Nb6 30. g6 fxg6 31. Rh8 Bd6 32. b4 cxb4 33. Qg1 Kb7 34. Be4 Rd8 35. Bxb6 Rxh8 36. Bxc7 Kxc7 37. Qxg6 Rd8 38. Bf5 Re8 39. Qxe8 1-0


[Site "https://www.chess.com"]

[Event "Titled Tuesday Blitz March 22 Early 2022"]
[White "Dwilewicz, Katarzyna"]
[Black "Krysa, Leandro"]
[WhiteFideId "1148486"]
[BlackFideId "116807"]
[WhiteElo "1907"]
[BlackElo "2490"]
[Result "0-1"]
[Round "01"]
[TimeControl "180+1"]
[Date "2022.03.22"]
[WhiteClock "0:00:08"]
[BlackClock "0:01:25"]

1. e4 e5 2. Nf3 Nf6 3. Nxe5 d6 4. Nf3 Nxe4 5. d4 d5 6. Bd3 Be7 7. O-O Nc6 8. h3 O-O 9. Re1 Bf5 10. c4 Nb4 11. Bxe4 dxe4 12. Ne5 f6 13. Ng4 Nd3 14. Re2 Qxd4 15. Ne3 Bg6 16. Nd5 Bd6 17. Nd2 Nxf2 18. Rxf2 e3 19. Nxe3 Qxe3 20. Qf3 Bc5 21. Qxe3 Bxe3 22. Nf3 Bxf2+ 23. Kxf2 Rad8 24. Bf4 c5 25. Re1 Rfe8 26. g4 Rxe1 27. Nxe1 Be4 28. Be3 b6 29. Ke2 Kf7 30. a3 a5 31. h4 h5 32. gxh5 Rh8 33. b4 cxb4 34. axb4 axb4 35. Bxb6 b3 36. Bd4 Rxh5 37. c5 Rxh4 38. Ke3 Ke6 0-1


[Site "https://www.chess.com"]

[Event "Titled Tuesday Blitz March 22 Early 2022"]
[White "Estrada Nieto, Julian"]
[Black "Sanal, Vahap"]
[WhiteFideId "5101018"]
[BlackFideId "6300545"]
[WhiteElo "2246"]
[BlackElo "2603"]
[Result "0-1"]
[Round "01"]
[TimeControl "180+1"]
[Date "2022.03.22"]
[WhiteClock "0:00:46"]
[BlackClock "0:01:40"]

1. e4 e5 2. Nf3 Nc6 3. Bb5 a6 4. Ba4 Nf6 5. O-O Nxe4 6. d4 b5 7. Bb3 d5 8. dxe5 Be6 9. Nbd2 Be7 10. c3 O-O 11. Bc2 f5 12. exf6 Nxf6 13. Re1 Bg4 14. h3 Bh5 15. g4 Nxg4 16. hxg4 Bxg4 17. Bd3 Bd6 18. Bf1 Qf6 19. Bg2 Ne5 20. Re3 Rae8 21. a4 Bc5 22. Rxe5 Rxe5 23. axb5 axb5 24. b4 Bb6 25. Qb3 Re1+ 26. Nxe1 Qxf2+ 27. Kh2 Qh4+ 0-1


[Site "https://www.chess.com"]

[Event "Titled Tuesday Blitz March 22 Early 2022"]
[White "Eynullayev, Atilla"]
[Black "Jumabayev, Rinat"]
[WhiteFideId "13413570"]
[BlackFideId "13702661"]
[WhiteElo "1979"]
[BlackElo "2561"]
[Result "0-1"]
[Round "01"]
[TimeControl "180+1"]
[Date "2022.03.22"]
[WhiteClock "0:00:07"]
[BlackClock "0:00:14"]

1. e4 e6 2. d4 d5 3. e5 c5 4. c3 Nc6 5. Nf3 Bd7 6. a3 Rc8 7. Bd3 cxd4 8. cxd4 Qb6 9. Bc2 Nxd4 10. Nxd4 Bc5 11. Ne2 Bxf2+ 12. Kf1 Be3 13. Nbc3 Bxc1 14. Rxc1 Qxb2 15. Qd2 Qxa3 16. Rb1 b6 17. h4 Nh6 18. Rh3 Qe7 19. Nf4 Ng4 20. Nh5 g6 21. Nf4 Nxe5 22. h5 g5 23. Nfe2 h6 24. Kg1 O-O 25. Kh1 f5 26. Nd4 Ng4 27. Rf3 Qf7 28. Rh3 Kh8 29. Ndb5 Rc5 30. Nxa7 e5 31. Rxb6 d4 32. Nd1 Qc4 33. Bd3 Qc1 34. Qxc1 Rxc1 35. Be2 Nf2+ 36. Kh2 Nxh3 37. Rxh6+ Kg7 38. Rg6+ Kf7 39. Kxh3 f4+ 40. Kh2 g4 41. Nf2 g3+ 42. Rxg3 fxg3+ 43. Kxg3 Ke7 44. Ne4 Rc2 45. Bd3 Rb2 46. Nc5 Rg8+ 47. Kf3 Rbxg2 48. Nxd7 Kxd7 49. Bb5+ Kd6 50. Nc6 R8g3+ 51. Ke4 Rg5 52. Nb4 R2g4+ 53. Kd3 Rg3+ 54. Kc4 Rc3# 0-1


[Site "https://www.chess.com"]

[Event "Titled Tuesday Blitz March 22 Early 2022"]
[White "Ferreira, Vitor Hugo Vieira"]
[Black "Bluebaum, Matthias"]
[WhiteFideId "2119765"]
[BlackFideId "24651516"]
[WhiteElo "2165"]
[BlackElo "2550"]
[Result "0-1"]
[Round "01"]
[TimeControl "180+1"]
[Date "2022.03.22"]
[WhiteClock "0:00:57"]
[BlackClock "0:01:13"]

1. Nf3 d5 2. g3 Bg4 3. Bg2 e6 4. O-O Nf6 5. c4 c6 6. cxd5 Bxf3 7. exf3 cxd5 8. d4 Nc6 9. f4 g6 10. Nd2 Bg7 11. Nf3 Nd7 12. Ne5 Ndxe5 13. dxe5 O-O 14. b3 Rc8 15. Ba3 Re8 16. Bd6 Bf8 17. Bxf8 Rxf8 18. Rc1 Qa5 19. Qe2 Qa3 20. Qd2 Nb4 21. Rxc8 Rxc8 22. f5 exf5 23. e6 fxe6 24. Re1 Rc6 25. Qf4 Qa5 26. Qb8+ Kg7 27. Qe5+ Kf7 0-1


[Site "https://www.chess.com"]

[Event "Titled Tuesday Blitz March 22 Early 2022"]
[White "Fiol, Fabrice"]
[Black "Martinez Alcantara, Jose Eduardo"]
[WhiteFideId "611670"]
[BlackFideId "3805662"]
[WhiteElo "2514"]
[BlackElo "2690"]
[Result "0-1"]
[Round "01"]
[TimeControl "180+1"]
[Date "2022.03.22"]
[WhiteClock "0:00:03"]
[BlackClock "0:00:36"]

1. e4 c5 2. Nf3 d6 3. d4 cxd4 4. Nxd4 Nf6 5. Nc3 Nc6 6. Bg5 e6 7. Qd2 a6 8. O-O-O Bd7 9. f3 Nxd4 10. Qxd4 Be7 11. h4 h6 12. Be3 h5 13. Kb1 Qc7 14. Qd2 b5 15. Bd3 Rb8 16. Rhe1 b4 17. Ne2 a5 18. Bg5 a4 19. f4 a3 20. Nd4 axb2 21. f5 e5 22. Nb3 Qc3 23. Rf1 O-O 24. Rf3 Ra8 25. Bxf6 Bxf6 26. Bf1 Qc7 27. Qxd6 Qa7 28. Kxb2 Qxa2+ 29. Kc1 Rfc8 30. Bd3 Ba4 31. Nc5 Qa3+ 32. Kd2 Qc3+ 33. Ke2 Qxc5 34. Qxc5 Rxc5 35. Rb1 Rb8 0-1


[Site "https://www.chess.com"]

[Event "Titled Tuesday Blitz March 22 Early 2022"]
[White "Gabrielian, Artur"]
[Black "Koridze, Lile"]
[WhiteFideId "4131002"]
[BlackFideId "13612514"]
[WhiteElo "2440"]
[BlackElo "1999"]
[Result "1-0"]
[Round "01"]
[TimeControl "180+1"]
[Date "2022.03.22"]
[WhiteClock "0:01:28"]
[BlackClock "0:00:07"]

1. e4 c5 2. Nc3 d6 3. d4 cxd4 4. Qxd4 Nf6 5. b3 a6 6. Bb2 Nc6 7. Qd2 e6 8. O-O-O Qc7 9. f4 Be7 10. Nf3 O-O 11. g4 b5 12. g5 Nd7 13. h4 Nc5 14. Qe3 Bb7 15. h5 b4 16. Ne2 Na5 17. Ng3 Rfc8 18. Rh2 d5 19. exd5 Bxd5 20. h6 Bf8 21. hxg7 Bxg7 22. Bxg7 Kxg7 23. Rxd5 exd5 24. Nf5+ Kf8 25. N3d4 Re8 26. Rxh7 Kg8 27. Qh3 Qxf4+ 28. Kb2 Na4+ 29. bxa4 1-0


[Site "https://www.chess.com"]

[Event "Titled Tuesday Blitz March 22 Early 2022"]
[White "Gaehwiler, Gabriel"]
[Black "Popadic, Dragan"]
[WhiteFideId "1314530"]
[BlackFideId "913650"]
[WhiteElo "2383"]
[BlackElo "2222"]
[Result "1-0"]
[Round "01"]
[TimeControl "180+1"]
[Date "2022.03.22"]
[WhiteClock "0:00:26"]
[BlackClock "0:01:31"]

1. d4 Nf6 2. c4 g6 3. Nf3 Bg7 4. g3 d6 5. Bg2 O-O 6. Nc3 Nbd7 7. O-O e5 8. e4 exd4 9. Nxd4 Re8 10. Re1 a6 11. b3 Rb8 12. Bb2 Ne5 13. h3 c5 14. Nf3 Nxf3+ 15. Qxf3 b5 16. cxb5 axb5 17. Rad1 Qe7 18. Qd3 b4 19. Na4 Bf8 20. e5 Nd7 21. exd6 Qxe1+ 22. Rxe1 Rxe1+ 23. Kh2 Bb7 24. Bxb7 Rxb7 25. Nxc5 Nxc5 26. Qd4 f6 27. Qxc5 Re2 28. Qc4+ 1-0


[Site "https://www.chess.com"]

[Event "Titled Tuesday Blitz March 22 Early 2022"]
[White "Garv Gaur"]
[Black "Babazada, Khazar"]
[WhiteFideId "45030839"]
[BlackFideId "13413554"]
[WhiteElo "1950"]
[BlackElo "2418"]
[Result "0-1"]
[Round "01"]
[TimeControl "180+1"]
[Date "2022.03.22"]
[WhiteClock "0:00:14"]
[BlackClock "0:00:59"]

1. d4 Nf6 2. Nf3 g6 3. c4 Bg7 4. g3 O-O 5. Bg2 d6 6. O-O Nc6 7. Nc3 Rb8 8. h3 a6 9. e4 Bd7 10. e5 dxe5 11. dxe5 Ne8 12. Qe2 b5 13. cxb5 axb5 14. Rd1 Qc8 15. Kh2 b4 16. Ne4 Nxe5 17. Nxe5 Bxe5 18. Bh6 Ng7 19. Rac1 Bb5 20. Qc2 Qf5 21. f4 Bd6 22. Qf2 Rfd8 23. Rd5 Qxd5 24. Nf6+ exf6 25. Bxd5 Nf5 26. Kg2 Nxh6 27. Qd4 Nf5 28. Qd2 Bxf4 29. Qxf4 Rxd5 30. Qxc7 Re8 31. Qf4 Rd4 32. Qf3 Re3 33. Qa8+ Kg7 34. Rc2 Rxg3+ 35. Kh2 Rh4 0-1


[Site "https://www.chess.com"]

[Event "Titled Tuesday Blitz March 22 Early 2022"]
[White "Grandelius, Nils"]
[Black "Kanyamarala, Tarun"]
[WhiteFideId "1710400"]
[BlackFideId "45004714"]
[WhiteElo "2617"]
[BlackElo "2075"]
[Result "1-0"]
[Round "01"]
[TimeControl "180+1"]
[Date "2022.03.22"]
[WhiteClock "0:00:35"]
[BlackClock "0:00:02"]

1. Nf3 f5 2. d4 Nf6 3. Bf4 g6 4. e3 Bg7 5. c4 O-O 6. Nc3 d6 7. c5 Nc6 8. Bc4+ Kh8 9. h4 Nh5 10. Ng5 e5 11. dxe5 dxe5 12. Qxd8 Nxd8 13. Bh2 h6 14. Nf3 f4 15. O-O-O Be6 16. Bd3 Kh7 17. Rhe1 Bg4 18. Nd5 Rf7 19. exf4 Ne6 20. Nxe5 Bxe5 21. Rxe5 Nxc5 22. f3 Nxd3+ 23. Rxd3 Bf5 24. Rde3 c6 25. Nc3 Ng7 26. Ne4 Rd8 27. g4 Bxe4 28. R5xe4 Rfd7 29. Re2 h5 30. Kc2 Rd4 31. Bg1 Rd1 32. Bxa7 Rh1 33. Re7 Rxh4 34. Rxb7 hxg4 35. fxg4 Rxg4 36. Ree7 Rg2+ 37. Kc3 Rg3+ 38. Kc4 1-0


[Site "https://www.chess.com"]

[Event "Titled Tuesday Blitz March 22 Early 2022"]
[White "Hakobyan, Aram"]
[Black "Hoeffer, David"]
[WhiteFideId "13306677"]
[BlackFideId "24606766"]
[WhiteElo "2557"]
[BlackElo "2301"]
[Result "1-0"]
[Round "01"]
[TimeControl "180+1"]
[Date "2022.03.22"]
[WhiteClock "0:02:07"]
[BlackClock "0:01:57"]

1. d4 d5 2. Nf3 Nf6 3. c3 Bf5 4. Qb3 Qc8 5. c4 e6 6. Nc3 c6 7. cxd5 exd5 8. Bf4 Nbd7 9. Rc1 Nb6 10. e3 Be7 11. h3 O-O 12. Be2 Ne4 13. O-O Nxc3 14. bxc3 Re8 15. a4 Be6 16. Nd2 Nd7 17. c4 dxc4 18. Bxc4 Bxc4 19. Nxc4 Nf6 20. Ne5 Rf8 21. Rfd1 Nd5 22. Bg3 Bf6 23. Nc4 Re8 24. Nd6 Qd8 25. Nxe8 Qxe8 26. Qxb7 Nxe3 27. fxe3 Qxe3+ 28. Bf2 1-0


[Site "https://www.chess.com"]

[Event "Titled Tuesday Blitz March 22 Early 2022"]
[White "Heinemann, Josefine"]
[Black "Bernadskiy, Vitaliy"]
[WhiteFideId "12900460"]
[BlackFideId "14100371"]
[WhiteElo "2300"]
[BlackElo "2473"]
[Result "0-1"]
[Round "01"]
[TimeControl "180+1"]
[Date "2022.03.22"]
[WhiteClock "0:00:16"]
[BlackClock "0:00:19"]

1. e4 c6 2. d4 d5 3. e5 Bf5 4. h4 f6 5. exf6 exf6 6. Bd3 Bxd3 7. Qxd3 Bd6 8. Ne2 Ne7 9. Nd2 Na6 10. c3 Qd7 11. Nf3 Nc7 12. Be3 O-O 13. O-O-O Rfe8 14. Bf4 Nb5 15. Kb1 Qf5 16. Bxd6 Nxd6 17. Qxf5 Nexf5 18. Nf4 Re4 19. g3 Rae8 20. Nd2 Rxf4 21. gxf4 Re2 22. Kc2 Rxf2 23. Kd3 Rxf4 24. h5 Ng3 25. Rh3 Nge4 26. Nxe4 Nxe4 27. Ke3 Rf2 28. Rb1 f5 29. Rh4 Rg2 30. Rf4 g6 31. hxg6 hxg6 32. Rf3 Kg7 33. Rh3 g5 34. Rbh1 Nf6 35. R3h2 Rxh2 36. Rxh2 Ng4+ 0-1


[Site "https://www.chess.com"]

[Event "Titled Tuesday Blitz March 22 Early 2022"]
[White "Horcajuelo Rocamora, Martin"]
[Black "Gatterer, Florian"]
[WhiteFideId "24573027"]
[BlackFideId "811688"]
[WhiteElo "1706"]
[BlackElo "2218"]
[Result "0-1"]
[Round "01"]
[TimeControl "180+1"]
[Date "2022.03.22"]
[WhiteClock "0:00:06"]
[BlackClock "0:00:32"]

1. d4 Nf6 2. c4 e6 3. Nf3 d5 4. Nc3 c5 5. cxd5 Nxd5 6. Nxd5 Qxd5 7. dxc5 Qxd1+ 8. Kxd1 Bxc5 9. e3 O-O 10. Bc4 Nc6 11. a3 a5 12. Ke2 e5 13. Bd2 e4 14. Ng5 Bg4+ 15. f3 exf3+ 16. gxf3 Bh5 17. e4 h6 18. Nh3 Nd4+ 19. Kd3 Nxf3 20. Bc3 Rad8+ 21. Bd5 b6 22. Nf4 Bg4 23. Kc4 Rc8 24. Kb3 Nd4+ 25. Ka2 Ne6 26. Nd3 Bd4 27. Bd2 Nc5 28. Nxc5 Bxc5 29. h3 Be6 30. Bxe6 fxe6 31. Bc3 Rcd8 32. Rh2 Bd4 33. Bd2 Rf2 34. Rxf2 Bxf2 35. Bc3 Bd4 36. Rd1 e5 37. Bxd4 exd4 38. Kb3 Kf7 39. Kc4 Ke6 40. Rxd4 Rxd4+ 41. Kxd4 g5 42. Ke3 Ke5 43. Kf3 h5 44. b3 b5 45. a4 b4 46. Ke3 g4 47. hxg4 0-1


[Site "https://www.chess.com"]

[Event "Titled Tuesday Blitz March 22 Early 2022"]
[White "Hua, Lefong"]
[Black "Lauridsen, Jesper Morch"]
[WhiteFideId "2602253"]
[BlackFideId "1401890"]
[WhiteElo "2596"]
[BlackElo "2245"]
[Result "1-0"]
[Round "01"]
[TimeControl "180+1"]
[Date "2022.03.22"]
[WhiteClock "0:01:38"]
[BlackClock "0:00:17"]

1. d4 d5 2. c4 e6 3. Nc3 Nf6 4. cxd5 Nxd5 5. e4 Nxc3 6. bxc3 c5 7. Nf3 cxd4 8. cxd4 Bb4+ 9. Bd2 Bxd2+ 10. Qxd2 O-O 11. Bc4 Nc6 12. O-O b6 13. Rad1 Bb7 14. Rfe1 Rc8 15. Qf4 Qf6 16. Qxf6 gxf6 17. d5 Na5 18. Bb5 Rfd8 19. dxe6 fxe6 20. Bd7 Kf7 21. Bxc8 Rxc8 22. Rd7+ Kg6 23. h4 h5 24. e5 Bxf3 25. gxf3 fxe5 26. Rxe5 Kf6 27. Rxh5 Nc6 28. f4 a5 29. Kg2 Nb4 30. Rh6+ Kf5 31. Rf7+ Ke4 32. Rxe6+ Kd3 33. a3 Nd5 34. Rd7 Kc4 35. Re4+ Kc5 36. Re5 1-0


[Site "https://www.chess.com"]

[Event "Titled Tuesday Blitz March 22 Early 2022"]
[White "Itkis, Boris"]
[Black "Atakhan, Abtin"]
[WhiteFideId "1209167"]
[BlackFideId "22502203"]
[WhiteElo "2207"]
[BlackElo "2119"]
[Result "0-1"]
[Round "01"]
[TimeControl "180+1"]
[Date "2022.03.22"]
[WhiteClock "0:01:49"]
[BlackClock "0:01:53"]

1. c4 g6 2. Nf3 Bg7 3. g3 c5 4. Bg2 Nc6 5. O-O d6 6. e3 Bf5 7. Nc3 Qd7 8. d4 Bh3 9. dxc5 Bxg2 10. Kxg2 dxc5 11. Qxd7+ Kxd7 12. Rd1+ Kc8 13. Bd2 Nf6 14. Ne2 Kc7 15. Bc3 Rhd8 16. Nf4 Rxd1 17. Rxd1 Rd8 18. Rxd8 Kxd8 19. Ng5 Ke8 20. Nxh7 Nxh7 21. Bxg7 f6 22. Bh6 Kf7 23. h4 Ne5 24. Ne2 Nxc4 25. b3 Nd6 26. f4 Nf5 0-1


[Site "https://www.chess.com"]

[Event "Titled Tuesday Blitz March 22 Early 2022"]
[White "Jaferian, Koosha"]
[Black "Thomas, Anysia"]
[WhiteFideId "12507440"]
[BlackFideId "670472"]
[WhiteElo "2030"]
[BlackElo "2002"]
[Result "1-0"]
[Round "01"]
[TimeControl "180+1"]
[Date "2022.03.22"]
[WhiteClock "0:00:36"]
[BlackClock "0:00:01"]

1. Nf3 g6 2. b3 Bg7 3. d4 Nf6 4. Bb2 O-O 5. g3 d5 6. Bg2 Nbd7 7. O-O c5 8. e3 b6 9. Nbd2 Bb7 10. c4 Re8 11. Rc1 Rc8 12. Qe2 cxd4 13. Nxd4 e5 14. Nb5 Nc5 15. cxd5 Nxd5 16. Rfd1 Qe7 17. Nc4 Red8 18. e4 Nb4 19. Nbd6 Rb8 20. Nxb7 Rxd1+ 21. Rxd1 Rxb7 22. a3 Nc6 23. b4 Na4 24. Ba1 Nd4 25. Qa2 Rd7 26. Ne3 Qd8 27. Nd5 b5 28. f4 a6 29. fxe5 Nc6 30. Qd2 Nxe5 31. Bxe5 Bxe5 32. Ne7+ Qxe7 33. Qxd7 Qg5 34. Qd8+ Qxd8 35. Rxd8+ Kg7 36. Ra8 Bd4+ 37. Kf1 Bb2 38. Rxa6 Bxa3 39. e5 Bxb4 40. Ra7 Nc5 41. Bd5 Kh6 42. Rxf7 Nd3 43. e6 Nc5 44. e7 1-0


[Site "https://www.chess.com"]

[Event "Titled Tuesday Blitz March 22 Early 2022"]
[White "Janaszak, Dawid"]
[Black "Le, Tuan Minh"]
[WhiteFideId "1119206"]
[BlackFideId "12401153"]
[WhiteElo "2199"]
[BlackElo "2450"]
[Result "0-1"]
[Round "01"]
[TimeControl "180+1"]
[Date "2022.03.22"]
[WhiteClock "0:00:16"]
[BlackClock "0:00:13"]

1. e4 c5 2. Nc3 Nc6 3. Bb5 Nd4 4. Nf3 e6 5. O-O a6 6. Bd3 Nc6 7. e5 d6 8. exd6 Nf6 9. Ne4 Bxd6 10. b3 Be7 11. Bb2 O-O 12. Re1 h6 13. a3 Bd7 14. Bf1 Nxe4 15. Rxe4 Bf6 16. Bxf6 Qxf6 17. Qe1 Rfd8 18. Rd1 Qb2 19. Bd3 Qxa3 20. Qe3 Qb2 21. c3 Qxb3 22. Rb1 Qd5 23. c4 Qd6 24. Rxb7 Rab8 25. Rxb8 Rxb8 26. g3 Rb3 27. Rg4 Qxd3 28. Qxh6 Rb1+ 0-1


[Site "https://www.chess.com"]

[Event "Titled Tuesday Blitz March 22 Early 2022"]
[White "Jaracz, Pawel"]
[Black "Federzoni, Enzo"]
[WhiteFideId "1102222"]
[BlackFideId "2173301"]
[WhiteElo "2429"]
[BlackElo "1956"]
[Result "1-0"]
[Round "01"]
[TimeControl "180+1"]
[Date "2022.03.22"]
[WhiteClock "0:00:46"]
[BlackClock "0:00:19"]

1. d4 Nf6 2. Nf3 g6 3. Bg5 Bg7 4. Nbd2 d5 5. e3 O-O 6. Be2 Nbd7 7. O-O h6 8. Bh4 Re8 9. c4 c5 10. cxd5 Nxd5 11. Qb3 N7f6 12. e4 Nf4 13. Bc4 Be6 14. d5 Bg4 15. Ne5 g5 16. Bg3 a6 17. a4 N6h5 18. Nxg4 Rb8 19. e5 b5 20. axb5 axb5 21. Bxb5 Nxd5 22. Qc4 Rf8 23. Ne4 Kh8 24. Rad1 e6 25. Nd6 Qa5 26. Bc6 Rxb2 27. Bxd5 exd5 28. Qxd5 Qa7 29. Nf5 Rfb8 30. Nxg7 Kxg7 31. e6 fxe6 32. Bxb8 1-0


[Site "https://www.chess.com"]

[Event "Titled Tuesday Blitz March 22 Early 2022"]
[White "Jobava, Baadur"]
[Black "Cremisi, Daniel"]
[WhiteFideId "13601520"]
[BlackFideId "2089882"]
[WhiteElo "2617"]
[BlackElo "2172"]
[Result "1-0"]
[Round "01"]
[TimeControl "180+1"]
[Date "2022.03.22"]
[WhiteClock "0:00:38"]
[BlackClock "0:00:28"]

1. e4 e6 2. d4 d5 3. exd5 exd5 4. Nf3 Nf6 5. Bd3 Bd6 6. O-O O-O 7. h3 h6 8. Re1 c6 9. Nc3 Re8 10. Rxe8+ Qxe8 11. Ne2 Ne4 12. Bf4 Bxf4 13. Nxf4 Bf5 14. Qe2 Nd7 15. Re1 Qb8 16. Qe3 Qd6 17. c4 Re8 18. cxd5 cxd5 19. Qc1 Ndf6 20. Ne5 Nd7 21. Bb5 f6 22. Ned3 a6 23. Ba4 b5 24. Bb3 Nb6 25. f3 Rc8 26. Qe3 Ng3 27. Nc5 g5 28. Ne2 Nxe2+ 29. Rxe2 Nc4 30. Qe7 Qxe7 31. Rxe7 a5 32. Kf2 a4 33. Bxc4 bxc4 34. Nxa4 Rb8 35. a3 Bc2 36. Nc3 Rxb2 37. Re2 Kf7 38. Nxd5 Rb5 39. Nc3 Rb2 40. d5 f5 41. d6 Rb6 42. Rxc2 Rxd6 43. a4 Ke6 44. a5 Ke5 45. Re2+ Kf6 46. Ra2 Ra6 47. Nd5+ Ke5 48. Nb4 Ra8 49. a6 Kd4 50. a7 Kc5 51. Nc2 c3 52. Ke2 Kc4 53. Ra3 f4 54. Ra6 Kb3 55. Kd3 Kb2 56. Nd4 h5 57. Rb6+ Kc1 58. Ne2+ Kd1 59. Rb1# 1-0


[Site "https://www.chess.com"]

[Event "Titled Tuesday Blitz March 22 Early 2022"]
[White "Kanyamarala, Trisha"]
[Black "Smirnov, Pavel"]
[WhiteFideId "45004722"]
[BlackFideId "4123425"]
[WhiteElo "2047"]
[BlackElo "2545"]
[Result "1/2-1/2"]
[Round "01"]
[TimeControl "180+1"]
[Date "2022.03.22"]
[WhiteClock "0:00:06"]
[BlackClock "0:00:34"]

1. c4 e6 2. Nc3 d5 3. e3 Nf6 4. Nf3 b6 5. b3 Bb7 6. Bb2 a6 7. Be2 Nbd7 8. O-O Bd6 9. d4 O-O 10. Bd3 Qe7 11. Qe2 c5 12. Rfe1 dxc4 13. bxc4 Rac8 14. a4 Rfd8 15. Rab1 cxd4 16. exd4 Nh5 17. Bc1 Nf4 18. Bxf4 Bxf4 19. Nd5 Bxd5 20. cxd5 Nf6 21. dxe6 fxe6 22. Rxb6 Rd6 23. Rxd6 Qxd6 24. Bxa6 Rc1 25. Rxc1 Bxc1 26. Bc4 Nd5 27. g3 Kf8 28. Kg2 Ke7 29. a5 Nc7 30. a6 Qc6 31. Kg1 Ba3 32. Ne5 Qb6 33. Qd3 Bd6 34. Qxh7 Bxe5 35. dxe5 Nxa6 36. Qxg7+ Ke8 37. Qg6+ Ke7 38. Qf6+ Kd7 39. Qf7+ Kd8 40. Qxe6 Qb1+ 41. Kg2 Qe4+ 42. Kh3 Qh7+ 43. Kg2 Qe4+ 44. Kg1 Qe1+ 45. Kg2 Qe4+ 1/2-1/2


[Site "https://www.chess.com"]